Monsters vs Heat

Created - Wednesday, October 21, 2015 at 01:33

Goals
1 2 3 OT1 T
Monsters 0 0 1 0 1
Heat 0 0 1 1 2
Shots
1 2 3 OT1 T
Monsters 1 8 4 0 13
Heat 6 8 5 2 21

1st period

No Goal

Penalties :
Eric Boulton (STO) for Delaying the game (Minor) at 2:28, Corey Potter (STO) for Hooking (Minor) at 19:39

2nd period

No Goal

Penalties :
Eric Boulton (STO) for Tripping (Minor) at 7:47, Eric Boulton (STO) for Hooking (Minor) at 12:00, Corey Potter (STO) for Slashing (Minor) at 16:38

3rd period

1. Heat , Michael Ferland 2 (Ryan Murphy) at 5:20
2. Monsters , Austin Watson 3 (Barclay Goodrow, Nick Shore) at 18:30 (PP)

Penalties :
Tyson Strachan (STO) for Fighting (Major) at 2:31, Jeff Hoggan (LEM) for Fighting (Major) at 2:31, Jeff Hoggan (LEM) for instigated a fight (Minor) at 2:31, Jeff Hoggan (LEM) for instigated a fight (10 Minutes Misconduct) at 2:31, Eric Boulton (STO) for Tripping (Minor) at 18:25, Konrad Abeltshauser (STO) for Fighting (Major) at 19:34, Troy Rutkowski (LEM) for Fighting (Major) at 19:34, Troy Rutkowski (LEM) for instigated a fight (Minor) at 19:34, Troy Rutkowski (LEM) for instigated a fight (10 Minutes Misconduct) at 19:34

Overtime #1

3. Heat , Johan Larsson 2 (Tyson Strachan, Ryan Murphy) at 0:26 (PP)

Penalties :
No Penalty

Goalie Stats

Anders Lindback (LEM), 19 saves from 21 shots - (0.905), OTL, 4-1-2, 60:26 minutes
Michael Leighton (STO), 12 saves from 13 shots - (0.923), W, 6-1-0, 60:26 minutes

Players Stats for Monsters

Player Name              G  A  P  +/- PIM S  H  SB GA TA FO     MP     PP MP  PK MP  
------------------------------------------------------------------------------------
Austin Watson            1  0  1   0  0   1  1  0  2  0  2/2    19:06   4:33   2:09 
Barclay Goodrow          0  1  1  -1  0   0  0  1  2  1  0/1    18:01   4:33   0:14 
Blair Riley              0  0  0   0  0   0  1  0  1  0  0/0     8:13   0:00   0:00 
Brandon Montour          0  0  0  -1  0   2  1  4  0  3  0/0    23:40   4:28   2:50 
Charles Hudon            0  0  0   0  0   1  0  0  0  0  0/2     9:16   2:23   0:00 
Chase Balisy             0  0  0   0  0   1  0  0  2  0  4/7    14:04   0:00   0:00 
FARM PLAYER13            0  0  0  -1  0   0  1  1  0  0  0/0    19:13   0:26   0:01 
Jake Dowell              0  0  0   0  0   0  0  0  0  0  0/0     7:51   0:00   0:00 
Jeff Hoggan              0  0  0   0  17  0  2  0  0  0  0/0    13:49   4:39   0:00 
Jordan Weal              0  0  0   0  0   2  1  0  4  0  4/6    18:16   4:39   0:14 
Kris Fredheim            0  0  0  -1  0   0  3  1  3  0  0/0    23:40   4:28   2:50 
Mac Bennett              0  0  0   0  0   1  1  0  0  1  0/0    19:21   5:32   0:00 
Matt MacKenzie           0  0  0   0  0   1  1  0  0  2  0/0    19:21   5:32   0:00 
Nick Shore               0  1  1   0  0   1  1  1  4  1  8/17   21:02   4:07   2:35 
Quinton Howden           0  0  0   0  0   0  2  2  2  0  0/0    14:58   0:24   0:00 
Steven Pinizzotto        0  0  0   0  0   1  0  1  3  0  0/2    17:39   4:16   0:00 
Troy Rutkowski           0  0  0   0  17  1  0  1  0  1  0/0    17:24   0:00   0:00 
Viktor Arvidsson         0  0  0  -1  0   1  2  1  4  0  0/0    13:58   0:00   0:01 

Players Stats for Heat

Player Name              G  A  P  +/- PIM S  H  SB GA TA FO     MP     PP MP  PK MP  
------------------------------------------------------------------------------------
Andre Burakovsky         0  0  0   0  0   3  0  0  6  0  0/0    15:53   1:35   0:00 
Chris Tierney            0  0  0   0  0   1  2  0  2  0  2/5    15:20   0:49   0:00 
Corey Potter             0  0  0   0  4   1  0  0  0  2  0/0    19:58   1:32   2:54 
Eric Boulton             0  0  0   1  8   0  3  0  0  1  0/0    15:38   0:00   1:25 
J.T. Miller              0  0  0   0  0   0  4  1  0  0  4/9    18:12   1:35   0:00 
Johan Larsson            1  0  1   0  0   3  1  0  3  0  0/1    14:58   1:35   0:00 
Konrad Abeltshauser      0  0  0   1  5   0  0  0  0  0  0/0    16:14   0:52   0:00 
Lucas Lessio             0  0  0   0  0   1  1  0  0  2  0/0    10:55   0:00   3:50 
Matt Ellis               0  0  0   0  0   0  0  0  0  1  1/2    14:27   0:49   0:00 
Max Reinhart             0  0  0   1  0   0  0  0  0  1  6/10   18:12   0:00   4:45 
Michael Ferland          1  0  1   1  0   7  2  0  3  0  0/0    18:12   0:00   4:45 
Petter Granberg          0  0  0   0  0   0  0  0  0  0  0/0     0:00   0:00   0:00 
Philip Samuelsson        0  0  0   0  0   1  2  0  0  0  0/0    19:56   0:00   5:31 
Ryan Murphy              0  2  2   0  0   1  0  0  0  4  0/0    20:34   1:07   1:08 
Stephane Veilleux        0  0  0   0  0   1  1  0  3  0  0/0    14:27   0:49   0:00 
Tyler Pitlick            0  0  0   0  0   0  2  0  0  0  6/10   14:04   0:00   5:15 
Tyler Wotherspoon        0  0  0   1  0   0  3  0  0  1  0/0    22:47   1:17   5:49 
Tyson Strachan           0  1  1   0  5   2  5  0  0  1  0/0    21:49   0:00   4:38 

3 Stars

1 - Michael Ferland (STO)
2 - Johan Larsson (STO)
3 - Austin Watson (LEM)

Power Play

Monsters - 1 on 6 Attempt(s) - 16.67%
Heat - 1 on 2 Attempt(s) - 50.00%

Penalty Kill

Monsters - 1 on 2 Attempt(s) - 50.00% - Score 0 goal in Penalty Kill
Heat - 5 on 6 Attempt(s) - 83.33% - Score 0 goal in Penalty Kill

Team Stat

Monsters - Hits : 17 - Faceoff Wins : 18 - Blocked Shots : 13 - Penalty Minutes : 34
Heat - Hits : 26 - Faceoff Wins : 19 - Blocked Shots : 1 - Penalty Minutes : 22

Official

Referees : Unknown
Linesman : Unknown

Game Notes

Tyson Strachan and Jeff Hoggan fight to a draw at 2:31 of 3rd period
Konrad Abeltshauser beats up Troy Rutkowski at 19:34 of 3rd period

Finance

Level 1 -- Attendance: 1623 (81.15%) -- Ticket Income $56,805
Level 2 -- Attendance: 788 (78.80%) -- Ticket Income $11,820
Total Attendance: 2411 (80.37%)
Total Ticket Income: $68,625
Other Income: $33,626
Total Income: $102,251

Monsters

5 vs 5 Forward 
   Center                   Left Wing                Right Wing               Time % Phy DF OF 
 1 Nick Shore               Barclay Goodrow          Austin Watson            35     1   2  2  
 2 Jordan Weal              Jeff Hoggan              Steven Pinizzotto        30     1   2  2  
 3 Chase Balisy             Quinton Howden           Viktor Arvidsson         22     1   2  2  
 4 Nick Shore               Blair Riley              Jake Dowell              13     1   2  2  

5 vs 5 Defense 
   Defense                  Defense                                           Time % Phy DF OF 
 1 Kris Fredheim            Brandon Montour                                   35     1   2  2  
 2 Mac Bennett              Matt MacKenzie                                    30     1   2  2  
 3 Troy Rutkowski           FARM PLAYER13                                     22     1   2  2  
 4 Kris Fredheim            Brandon Montour                                   13     1   2  2  

PowerPlay Forward 
   Center                   Left Wing                Right Wing               Time % Phy DF OF 
 1 Nick Shore               Barclay Goodrow          Austin Watson            60     1   2  2  
 2 Jordan Weal              Jeff Hoggan              Steven Pinizzotto        40     1   2  2  

PowerPlay Defense
   Defense                  Defense                                           Time % Phy DF OF 
 1 Kris Fredheim            Brandon Montour                                   60     1   2  2  
 2 Mac Bennett              Matt MacKenzie                                    40     1   2  2  

Penalty Kill 4 Players Forward 
   Center                   Wing                     Time % Phy DF OF 
 1 Nick Shore               Austin Watson            60     1   2  2  
 2 Barclay Goodrow          Jordan Weal              40     1   2  2  

Penalty Kill 4 Players Defense
   Defense                  Defense                  Time % Phy DF OF 
 1 Kris Fredheim            Brandon Montour          60     1   2  2  
 2 Mac Bennett              Matt MacKenzie           40     1   2  2  

Penalty Kill - 3 Players Forward 
   Forward                                           Time % Phy DF OF 
 1 Nick Shore                                        60     1   2  2  
 2 Austin Watson                                     40     1   2  2  

Penalty Kill - 3 Players Defense
   Defense                  Defense                  Time % Phy DF OF 
 1 Kris Fredheim            Brandon Montour          60     1   2  2  
 2 Mac Bennett              Matt MacKenzie           40     1   2  2  

4 vs 4 Forward 
   Center                   Wing                     Time % Phy DF OF 
 1 Nick Shore               Austin Watson            60     1   2  2  
 2 Barclay Goodrow          Jordan Weal              40     1   2  2  

4 vs 4 Defense
   Defense                  Defense                  Time % Phy DF OF 
 1 Kris Fredheim            Brandon Montour          60     1   2  2  
 2 Mac Bennett              Matt MacKenzie           40     1   2  2  

Last Minutes Offensive
   Center                   Left Wing                Right Wing               Defense                  Defense                  
   Nick Shore               Barclay Goodrow          Austin Watson            Kris Fredheim            Brandon Montour          

Last Minutes Defensive
   Center                   Left Wing                Right Wing               Defense                  Defense                  
   Nick Shore               Barclay Goodrow          Austin Watson            Kris Fredheim            Brandon Montour          

Goaltenders
Starting : Anders Lindback          
Backup : Matt Climie              

Extra Forwards
Normal : Charles Hudon, Quinton Howden, Viktor Arvidsson - PP : Charles Hudon, Quinton Howden - PK : Viktor Arvidsson
Extra Defensemen
Normal : Troy Rutkowski, FARM PLAYER13, Mac Bennett - PP : Troy Rutkowski - PK : FARM PLAYER13, Mac Bennett
Penalty Shots
Nick Shore, Austin Watson, Barclay Goodrow, Jordan Weal, Steven Pinizzotto

Heat

5 vs 5 Forward 
   Center                   Left Wing                Right Wing               Time % Phy DF OF 
 1 J.T. Miller              Johan Larsson            Andre Burakovsky         35     1   2  2  
 2 Chris Tierney            Stephane Veilleux        Matt Ellis               28     1   2  2  
 3 Tyler Pitlick            Lucas Lessio             J.T. Miller              22     1   2  2  
 4 Max Reinhart             Michael Ferland          Eric Boulton             15     1   2  2  

5 vs 5 Defense 
   Defense                  Defense                                           Time % Phy DF OF 
 1 Tyson Strachan           Ryan Murphy                                       35     1   2  2  
 2 Tyler Wotherspoon        Konrad Abeltshauser                               30     1   2  2  
 3 Corey Potter             Philip Samuelsson                                 22     1   2  2  
 4 Tyson Strachan           Ryan Murphy                                       13     1   2  2  

PowerPlay Forward 
   Center                   Left Wing                Right Wing               Time % Phy DF OF 
 1 J.T. Miller              Johan Larsson            Andre Burakovsky         50     0   0  5  
 2 Chris Tierney            Stephane Veilleux        Matt Ellis               50     0   0  5  

PowerPlay Defense
   Defense                  Defense                                           Time % Phy DF OF 
 1 Tyson Strachan           Ryan Murphy                                       50     0   0  5  
 2 Tyler Wotherspoon        Konrad Abeltshauser                               50     0   0  5  

Penalty Kill 4 Players Forward 
   Center                   Wing                     Time % Phy DF OF 
 1 Tyler Pitlick            Eric Boulton             50     0   5  0  
 2 Max Reinhart             Michael Ferland          50     0   5  0  

Penalty Kill 4 Players Defense
   Defense                  Defense                  Time % Phy DF OF 
 1 Tyson Strachan           Corey Potter             50     0   5  0  
 2 Tyler Wotherspoon        Philip Samuelsson        50     0   5  0  

Penalty Kill - 3 Players Forward 
   Forward                                           Time % Phy DF OF 
 1 Tyler Pitlick                                     50     0   5  0  
 2 Max Reinhart                                      50     0   5  0  

Penalty Kill - 3 Players Defense
   Defense                  Defense                  Time % Phy DF OF 
 1 Corey Potter             Ryan Murphy              50     0   5  0  
 2 Philip Samuelsson        Konrad Abeltshauser      50     0   5  0  

4 vs 4 Forward 
   Center                   Wing                     Time % Phy DF OF 
 1 J.T. Miller              Johan Larsson            50     1   2  2  
 2 Chris Tierney            Lucas Lessio             50     1   2  2  

4 vs 4 Defense
   Defense                  Defense                  Time % Phy DF OF 
 1 Tyson Strachan           Ryan Murphy              50     1   2  2  
 2 Tyler Wotherspoon        Konrad Abeltshauser      50     1   2  2  

Last Minutes Offensive
   Center                   Left Wing                Right Wing               Defense                  Defense                  
   J.T. Miller              Johan Larsson            Andre Burakovsky         Tyler Wotherspoon        Ryan Murphy              

Last Minutes Defensive
   Center                   Left Wing                Right Wing               Defense                  Defense                  
   Chris Tierney            Stephane Veilleux        Matt Ellis               Konrad Abeltshauser      Tyson Strachan           

Goaltenders
Starting : Michael Leighton         
Backup : Al Montoya               

Extra Forwards
Normal : Eric Boulton, Chris Tierney, Michael Ferland - PP : Eric Boulton, Chris Tierney - PK : Michael Ferland
Extra Defensemen
Normal : Corey Potter, Philip Samuelsson, Tyler Wotherspoon - PP : Corey Potter - PK : Philip Samuelsson, Tyler Wotherspoon
Penalty Shots
J.T. Miller, Johan Larsson, Stephane Veilleux, Lucas Lessio, Andre Burakovsky

% Time on Ice - Monsters

Lines # - Real PCT - Wanted PCT - Time Play
Normal Forward
1 - 28% - 35% - 13:15
2 - 28% - 30% - 13:23
3 - 28% - 22% - 13:07
4 - 16% - 13% - 7:51
Normal Defense
1 - 31% - 35% - 14:47
2 - 29% - 30% - 13:49
3 - 37% - 22% - 17:25
4 - 3% - 13% - 1:35
PP Forward
1 - 54% - 60% - 5:21
2 - 47% - 40% - 4:39
PP Defense
1 - 45% - 60% - 4:28
2 - 55% - 40% - 5:32
PK Forward
1 - 90% - 60% - 2:10
2 - 10% - 40% - 0:14
PK Defense
1 - 100% - 60% - 2:24
2 - 0% - 40% - 0:00
PK3 Forward
1 - 100% - 60% - 0:26
2 - 0% - 40% - 0:00
PK3 Defense
1 - 100% - 60% - 0:26
2 - 0% - 40% - 0:00
44 Forward
1 - 0% - 60%
2 - 0% - 40%
44 Defense
1 - 0% - 60%
2 - 0% - 40%
Last Minute Offensive  - 0:00
Last Minute Defensive  - 0:00
Total
Forward - 60:26
Defense - 60:26

% Time on Ice - Heat

Lines # - Real PCT - Wanted PCT - Time Play
Normal Forward
1 - 28% - 35% - 13:26
2 - 29% - 28% - 13:57
3 - 15% - 22% - 7:05
4 - 28% - 15% - 13:08
Normal Defense
1 - 33% - 35% - 15:32
2 - 32% - 30% - 15:23
3 - 29% - 22% - 13:49
4 - 6% - 13% - 2:52
PP Forward
1 - 66% - 50% - 1:35
2 - 34% - 50% - 0:49
PP Defense
1 - 47% - 50% - 1:07
2 - 53% - 50% - 1:17
PK Forward
1 - 53% - 50% - 5:15
2 - 48% - 50% - 4:45
PK Defense
1 - 50% - 50% - 4:59
2 - 50% - 50% - 5:01
PK3 Forward
1 - 0% - 50%
2 - 0% - 50%
PK3 Defense
1 - 0% - 50%
2 - 0% - 50%
44 Forward
1 - 100% - 50% - 0:26
2 - 0% - 50% - 0:00
44 Defense
1 - 100% - 50% - 0:26
2 - 0% - 50% - 0:00
Last Minute Offensive  - 0:00
Last Minute Defensive  - 0:00
Total
Forward - 60:26
Defense - 60:26

Play by Play

1st period


0:01 of 1st period - J.T. Miller wins face-off versus Nick Shore in neutral zone.
0:08 of 1st period - Snap shot by Andre Burakovsky.
0:08 of 1st period - Stopped by Anders Lindback with a rebound.
0:10 of 1st period - Slapshot by Ryan Murphy.
0:10 of 1st period - Stopped by Anders Lindback without a rebound.
0:11 of 1st period - Nick Shore wins face-off versus J.T. Miller in Monsters zone.
0:11 of 1st period - Nick Shore is hit by J.T. Miller.
0:33 of 1st period - Snap shot by Johan Larsson.
0:33 of 1st period - Shot Misses the Net.
0:41 of 1st period - Wrist shot by Johan Larsson.
0:41 of 1st period - Shot Blocked by Brandon Montour.
0:52 of 1st period - Icing by Austin Watson.
0:53 of 1st period - Nick Shore wins face-off versus Chris Tierney in Monsters zone.
1:11 of 1st period - Tyler Wotherspoon is hit by Brandon Montour and loses puck.
2:18 of 1st period - Snap shot by Quinton Howden.
2:18 of 1st period - Shot Misses the Net.
2:28 of 1st period - Minor Penalty to Eric Boulton for Delaying the game.
2:29 of 1st period - Nick Shore wins face-off versus Tyler Pitlick in Heat zone.
3:33 of 1st period - Tyler Pitlick is hit by Jeff Hoggan and loses puck.
4:28 of 1st period - Penalty to Eric Boulton is over, Eric Boulton is back on ice.
4:44 of 1st period - Matt MacKenzie is hit by Tyson Strachan.
5:01 of 1st period - Andre Burakovsky is hit by Viktor Arvidsson and loses puck.
5:30 of 1st period - Wrist shot by Ryan Murphy.
5:30 of 1st period - Shot Misses the Net.
5:40 of 1st period - Tyson Strachan is hit by Nick Shore and loses puck.
7:21 of 1st period - Jeff Hoggan is hit by Stephane Veilleux and loses puck.
7:48 of 1st period - Quinton Howden is hit by Eric Boulton and loses puck.
7:55 of 1st period - Quinton Howden is hit by Eric Boulton and loses puck.
8:15 of 1st period - Charles Hudon is hit by J.T. Miller and loses puck.
8:40 of 1st period - Wrist shot by Chris Tierney.
8:40 of 1st period - Shot Blocked by Barclay Goodrow.
8:42 of 1st period - Snap shot by Stephane Veilleux.
8:42 of 1st period - Shot Blocked by Brandon Montour.
10:59 of 1st period - Icing by Tyler Pitlick.
11:00 of 1st period - Jordan Weal wins face-off versus Tyler Pitlick in Heat zone.
12:53 of 1st period - Wrist shot by Barclay Goodrow.
12:53 of 1st period - Shot Misses the Net.
12:55 of 1st period - Snap shot by Barclay Goodrow.
12:55 of 1st period - Shot Misses the Net.
12:57 of 1st period - Backhand shot by Brandon Montour.
12:57 of 1st period - Stopped by Michael Leighton without a rebound.
12:58 of 1st period - Tyler Pitlick wins face-off versus Nick Shore in Heat zone.
13:03 of 1st period - Nick Shore is hit by J.T. Miller and loses puck.
13:28 of 1st period - Quinton Howden is hit by J.T. Miller and loses puck.
15:20 of 1st period - Snap shot by Chris Tierney.
15:20 of 1st period - Shot Misses the Net.
15:22 of 1st period - Slapshot by Tyler Wotherspoon.
15:22 of 1st period - Shot Misses the Net.
15:52 of 1st period - Snap shot by Andre Burakovsky.
15:52 of 1st period - Shot Misses the Net.
16:18 of 1st period - Snap shot by Michael Ferland.
16:18 of 1st period - Stopped by Anders Lindback without a rebound.
16:19 of 1st period - Max Reinhart wins face-off versus Jordan Weal in Monsters zone.
16:22 of 1st period - Snap shot by Michael Ferland.
16:22 of 1st period - Stopped by Anders Lindback with a rebound.
17:43 of 1st period - Max Reinhart is hit by FARM PLAYER13 and loses puck.
18:04 of 1st period - Jeff Hoggan is hit by Tyler Wotherspoon and loses puck.
18:29 of 1st period - Icing by Barclay Goodrow.
18:30 of 1st period - Nick Shore wins face-off versus Matt Ellis in Monsters zone.
18:37 of 1st period - Backhand shot by Austin Watson.
18:37 of 1st period - Shot Misses the Net.
18:49 of 1st period - Corey Potter is hit by Austin Watson and loses puck.
19:08 of 1st period - Icing by Kris Fredheim.
19:09 of 1st period - Max Reinhart wins face-off versus Nick Shore in Monsters zone.
19:10 of 1st period - Snap shot by Ryan Murphy.
19:10 of 1st period - Shot Misses the Net.
19:12 of 1st period - Snap shot by Michael Ferland.
19:12 of 1st period - Shot Blocked by Kris Fredheim.
19:14 of 1st period - Slapshot by Michael Ferland.
19:14 of 1st period - Shot Misses the Net.
19:16 of 1st period - Slapshot by Michael Ferland.
19:16 of 1st period - Stopped by Anders Lindback with a rebound.
19:18 of 1st period - Slapshot by Philip Samuelsson.
19:18 of 1st period - Stopped by Anders Lindback without a rebound.
19:19 of 1st period - Chase Balisy wins face-off versus Max Reinhart in Monsters zone.
19:39 of 1st period - Minor Penalty to Corey Potter for Hooking.
19:40 of 1st period - Nick Shore wins face-off versus Max Reinhart in Heat zone.
19:48 of 1st period - Wrist shot by Austin Watson.
19:48 of 1st period - Shot Misses the Net.
19:52 of 1st period - Snap shot by Nick Shore.
19:52 of 1st period - Shot Misses the Net.
Goals for this period are 0 for Monsters vs 0 for Heat.
Shots for this period are 1 for Monsters vs 6 for Heat.

2nd period


0:01 of 2nd period - Nick Shore wins face-off versus Tyler Pitlick in neutral zone.
0:37 of 2nd period - Snap shot by Austin Watson.
0:37 of 2nd period - Shot Misses the Net.
0:52 of 2nd period - Michael Ferland is hit by Jordan Weal and loses puck.
1:07 of 2nd period - Snap shot by Steven Pinizzotto.
1:07 of 2nd period - Shot Misses the Net.
1:39 of 2nd period - Penalty to Corey Potter is over, Corey Potter is back on ice.
2:01 of 2nd period - Troy Rutkowski is hit by Tyler Pitlick and loses puck.
2:23 of 2nd period - Chase Balisy is hit by Tyson Strachan and loses puck.
3:06 of 2nd period - Wrist shot by Nick Shore.
3:06 of 2nd period - Stopped by Michael Leighton with a rebound.
3:16 of 2nd period - Nick Shore is hit by Tyler Wotherspoon and loses puck.
3:21 of 2nd period - Slapshot by Matt Ellis.
3:21 of 2nd period - Deflect By Stephane Veilleux.
3:21 of 2nd period - Stopped by Anders Lindback with a rebound.
3:23 of 2nd period - Snap shot by Matt Ellis.
3:23 of 2nd period - Shot Blocked by Brandon Montour.
3:25 of 2nd period - Slapshot by Corey Potter.
3:25 of 2nd period - Stopped by Anders Lindback with a rebound.
3:49 of 2nd period - Snap shot by J.T. Miller.
3:49 of 2nd period - Shot Blocked by Brandon Montour.
4:11 of 2nd period - Steven Pinizzotto is hit by Michael Ferland and loses puck.
4:30 of 2nd period - Off-side.
4:31 of 2nd period - Chase Balisy wins face-off versus J.T. Miller in neutral zone.
4:36 of 2nd period - Snap shot by Viktor Arvidsson.
4:36 of 2nd period - Stopped by Michael Leighton with a rebound.
4:38 of 2nd period - Snap shot by Quinton Howden.
4:38 of 2nd period - Shot Misses the Net.
4:40 of 2nd period - Snap shot by Chase Balisy.
4:40 of 2nd period - Shot Misses the Net.
4:42 of 2nd period - Backhand shot by Quinton Howden.
4:42 of 2nd period - Shot Misses the Net.
4:44 of 2nd period - Slapshot by Matt MacKenzie.
4:44 of 2nd period - Stopped by Michael Leighton without a rebound.
4:45 of 2nd period - J.T. Miller wins face-off versus Chase Balisy in Heat zone.
5:42 of 2nd period - Wrist shot by Chris Tierney.
5:42 of 2nd period - Stopped by Anders Lindback with a rebound.
6:18 of 2nd period - Wrist shot by Michael Ferland.
6:18 of 2nd period - Shot Blocked by Steven Pinizzotto.
7:26 of 2nd period - Slapshot by Viktor Arvidsson.
7:26 of 2nd period - Shot Misses the Net.
7:47 of 2nd period - Minor Penalty to Eric Boulton for Tripping.
7:48 of 2nd period - Tyler Pitlick wins face-off versus Nick Shore in Heat zone.
7:48 of 2nd period - Tyler Pitlick is hit by Mac Bennett.
8:43 of 2nd period - Jeff Hoggan is hit by Tyler Wotherspoon and loses puck.
9:38 of 2nd period - Mac Bennett is hit by Tyson Strachan and loses puck.
9:47 of 2nd period - Penalty to Eric Boulton is over, Eric Boulton is back on ice.
10:05 of 2nd period - Matt Ellis is hit by Kris Fredheim and loses puck.
11:01 of 2nd period - Austin Watson is hit by Johan Larsson and loses puck.
12:00 of 2nd period - Minor Penalty to Eric Boulton for Hooking.
12:01 of 2nd period - Tyler Pitlick wins face-off versus Jordan Weal in Heat zone.
12:06 of 2nd period - Snap shot by Lucas Lessio.
12:06 of 2nd period - Stopped by Anders Lindback without a rebound.
12:07 of 2nd period - Tyler Pitlick wins face-off versus Steven Pinizzotto in Monsters zone.
13:02 of 2nd period - Snap shot by Steven Pinizzotto.
13:02 of 2nd period - Stopped by Michael Leighton with a rebound.
13:18 of 2nd period - Nick Shore is hit by Lucas Lessio and loses puck.
13:26 of 2nd period - Wrist shot by Matt MacKenzie.
13:26 of 2nd period - Shot Misses the Net.
13:28 of 2nd period - Wrist shot by Mac Bennett.
13:28 of 2nd period - Shot Misses the Net.
13:30 of 2nd period - Snap shot by Charles Hudon.
13:30 of 2nd period - Stopped by Michael Leighton with a rebound.
13:44 of 2nd period - Charles Hudon is hit by Philip Samuelsson and loses puck.
14:00 of 2nd period - Penalty to Eric Boulton is over, Eric Boulton is back on ice.
14:13 of 2nd period - Slapshot by Chase Balisy.
14:13 of 2nd period - Stopped by Michael Leighton without a rebound.
14:14 of 2nd period - Chase Balisy wins face-off versus Johan Larsson in Heat zone.
14:29 of 2nd period - Johan Larsson is hit by Quinton Howden and loses puck.
14:59 of 2nd period - Quinton Howden is hit by Tyson Strachan and loses puck.
16:22 of 2nd period - Snap shot by Andre Burakovsky.
16:22 of 2nd period - Stopped by Anders Lindback with a rebound.
16:38 of 2nd period - Minor Penalty to Corey Potter for Slashing.
16:39 of 2nd period - Max Reinhart wins face-off versus Charles Hudon in Heat zone.
16:52 of 2nd period - Wrist shot by Michael Ferland.
16:52 of 2nd period - Stopped by Anders Lindback with a rebound.
16:54 of 2nd period - Slapshot by Tyson Strachan.
16:54 of 2nd period - Deflect By Barclay Goodrow.
16:54 of 2nd period - Stopped by Anders Lindback with a rebound.
16:56 of 2nd period - Wrist shot by Michael Ferland.
16:56 of 2nd period - Shot Misses the Net.
16:58 of 2nd period - Slapshot by Tyson Strachan.
16:58 of 2nd period - Stopped by Anders Lindback without a rebound.
16:59 of 2nd period - Max Reinhart wins face-off versus Charles Hudon in Monsters zone.
17:29 of 2nd period - Tyson Strachan is hit by Jeff Hoggan and loses puck.
17:36 of 2nd period - Snap shot by Jordan Weal.
17:36 of 2nd period - Stopped by Michael Leighton with a rebound.
17:38 of 2nd period - Wrist shot by Jeff Hoggan.
17:38 of 2nd period - Shot Misses the Net.
17:40 of 2nd period - Slapshot by Mac Bennett.
17:40 of 2nd period - Stopped by Michael Leighton without a rebound.
17:41 of 2nd period - Jordan Weal wins face-off versus Tyler Pitlick in Heat zone.
18:38 of 2nd period - Penalty to Corey Potter is over, Corey Potter is back on ice.
Goals for this period are 0 for Monsters vs 0 for Heat.
Shots for this period are 8 for Monsters vs 8 for Heat.

3rd period


0:01 of 3rd period - J.T. Miller wins face-off versus Nick Shore in neutral zone.
1:18 of 3rd period - Icing by Konrad Abeltshauser.
1:19 of 3rd period - Chris Tierney wins face-off versus Chase Balisy in Heat zone.
1:33 of 3rd period - Off-side.
1:34 of 3rd period - Chase Balisy wins face-off versus Max Reinhart in neutral zone.
1:47 of 3rd period - Slapshot by Chase Balisy.
1:47 of 3rd period - Shot Misses the Net.
1:49 of 3rd period - Slapshot by Troy Rutkowski.
1:49 of 3rd period - Stopped by Michael Leighton without a rebound.
1:50 of 3rd period - Max Reinhart wins face-off versus Nick Shore in Heat zone.
2:09 of 3rd period - Snap shot by Max Reinhart.
2:09 of 3rd period - Shot Misses the Net.
2:22 of 3rd period - Slapshot by Brandon Montour.
2:22 of 3rd period - Stopped by Michael Leighton without a rebound.
2:23 of 3rd period - Jordan Weal wins face-off versus Chris Tierney in Heat zone.
2:31 of 3rd period - Tyson Strachan and Jeff Hoggan fight to a draw.
2:31 of 3rd period - Penalty to Tyson Strachan for Fighting.
2:31 of 3rd period - Penalty to Jeff Hoggan for Fighting.
2:31 of 3rd period - Penalty to Jeff Hoggan for instigated a fight.
2:31 of 3rd period - Penalty to Jeff Hoggan for instigated a fight.
2:32 of 3rd period - Nick Shore wins face-off versus J.T. Miller in Heat zone.
3:28 of 3rd period - Stephane Veilleux is hit by Kris Fredheim and loses puck.
3:50 of 3rd period - Konrad Abeltshauser is hit by Kris Fredheim and loses puck.
4:31 of 3rd period - Penalty to Jeff Hoggan is over, Barclay Goodrow is send on ice.
4:40 of 3rd period - Ryan Murphy is hit by Viktor Arvidsson and loses puck.
5:12 of 3rd period - Wrist shot by Michael Ferland.
5:12 of 3rd period - Stopped by Anders Lindback with a rebound.
5:20 of 3rd period - Wrist shot by Michael Ferland.
5:20 of 3rd period - Deflect By Barclay Goodrow.
5:20 of 3rd period - Goal by Michael Ferland - Monsters : 0 - Heat : 1.
5:21 of 3rd period - Tyler Pitlick wins face-off versus Steven Pinizzotto in neutral zone.
6:22 of 3rd period - Michael Ferland is hit by Quinton Howden and loses puck.
6:42 of 3rd period - Matt Ellis is hit by Matt MacKenzie and loses puck.
6:51 of 3rd period - Snap shot by Chris Tierney.
6:51 of 3rd period - Shot Misses the Net.
8:10 of 3rd period - Jordan Weal is hit by Michael Ferland and loses puck.
9:22 of 3rd period - Brandon Montour is hit by Eric Boulton and loses puck.
9:29 of 3rd period - Brandon Montour is hit by Philip Samuelsson and loses puck.
9:44 of 3rd period - Wrist shot by Viktor Arvidsson.
9:44 of 3rd period - Shot Misses the Net.
10:22 of 3rd period - Wrist shot by Johan Larsson.
10:22 of 3rd period - Stopped by Anders Lindback with a rebound.
10:24 of 3rd period - Wrist shot by Johan Larsson.
10:24 of 3rd period - Shot Misses the Net.
10:26 of 3rd period - Slapshot by Konrad Abeltshauser.
10:26 of 3rd period - Deflect By Andre Burakovsky.
10:26 of 3rd period - Shot Blocked by Viktor Arvidsson.
10:26 of 3rd period - Puck is out of play.
10:27 of 3rd period - Tyler Pitlick wins face-off versus Barclay Goodrow in Monsters zone.
10:46 of 3rd period - Wrist shot by Barclay Goodrow.
10:46 of 3rd period - Deflect By Nick Shore.
10:46 of 3rd period - Shot Misses the Net.
10:46 of 3rd period - Puck is out of play.
10:47 of 3rd period - Austin Watson wins face-off versus Chris Tierney in Heat zone.
10:54 of 3rd period - Icing by Matt MacKenzie.
10:55 of 3rd period - Matt Ellis wins face-off versus Nick Shore in Monsters zone.
11:10 of 3rd period - Mac Bennett is hit by Chris Tierney and loses puck.
11:37 of 3rd period - Snap shot by Michael Ferland.
11:37 of 3rd period - Shot Misses the Net.
11:57 of 3rd period - Snap shot by Jordan Weal.
11:57 of 3rd period - Stopped by Michael Leighton without a rebound.
11:58 of 3rd period - Jordan Weal wins face-off versus J.T. Miller in Heat zone.
12:53 of 3rd period - Viktor Arvidsson is hit by Chris Tierney and loses puck.
13:26 of 3rd period - Wrist shot by Austin Watson.
13:26 of 3rd period - Shot Misses the Net.
13:31 of 3rd period - Slapshot by Matt MacKenzie.
13:31 of 3rd period - Deflect By Barclay Goodrow.
13:31 of 3rd period - Shot Hit the Post.
13:31 of 3rd period - Puck is out of play.
13:32 of 3rd period - Max Reinhart wins face-off versus Nick Shore in Heat zone.
16:23 of 3rd period - Mac Bennett is hit by Tyler Pitlick and loses puck.
17:31 of 3rd period - 10 Minutes Misconduct Penalty to Jeff Hoggan is over.
17:52 of 3rd period - Brandon Montour is hit by Tyson Strachan and loses puck.
17:57 of 3rd period - Snap shot by Andre Burakovsky.
17:57 of 3rd period - Stopped by Anders Lindback with a rebound.
18:03 of 3rd period - Konrad Abeltshauser is hit by Blair Riley and loses puck.
18:25 of 3rd period - Minor Penalty to Eric Boulton for Tripping.
18:26 of 3rd period - Nick Shore wins face-off versus Max Reinhart in Heat zone.
18:28 of 3rd period - Wrist shot by Barclay Goodrow.
18:28 of 3rd period - Shot Misses the Net.
18:30 of 3rd period - Wrist shot by Austin Watson.
18:30 of 3rd period - Goal by Austin Watson - Monsters : 1 - Heat : 1.
18:31 of 3rd period - Chris Tierney wins face-off versus Chase Balisy in neutral zone.
19:21 of 3rd period - Slapshot by Michael Ferland.
19:21 of 3rd period - Shot Blocked by Troy Rutkowski.
19:23 of 3rd period - Snap shot by Michael Ferland.
19:23 of 3rd period - Stopped by Anders Lindback with a rebound.
19:25 of 3rd period - Snap shot by Michael Ferland.
19:25 of 3rd period - Shot Blocked by Quinton Howden.
19:27 of 3rd period - Snap shot by Michael Ferland.
19:27 of 3rd period - Shot Misses the Net.
19:29 of 3rd period - Slapshot by Eric Boulton.
19:29 of 3rd period - Shot Blocked by FARM PLAYER13.
19:31 of 3rd period - Slapshot by Konrad Abeltshauser.
19:31 of 3rd period - Shot Misses the Net.
19:33 of 3rd period - Slapshot by Konrad Abeltshauser.
19:33 of 3rd period - Shot Blocked by Quinton Howden.
19:34 of 3rd period - Konrad Abeltshauser beats up Troy Rutkowski.
19:34 of 3rd period - Penalty to Konrad Abeltshauser for Fighting.
19:34 of 3rd period - Penalty to Troy Rutkowski for Fighting.
19:34 of 3rd period - Penalty to Troy Rutkowski for instigated a fight.
19:34 of 3rd period - Penalty to Troy Rutkowski for instigated a fight.
19:35 of 3rd period - Austin Watson wins face-off versus J.T. Miller in Monsters zone.
19:44 of 3rd period - Wrist shot by Nick Shore.
19:44 of 3rd period - Shot Blocked by J.T. Miller.
Goals for this period are 1 for Monsters vs 1 for Heat.
Shots for this period are 4 for Monsters vs 5 for Heat.

Overtime #1


0:01 of 1st overtime period - J.T. Miller wins face-off versus Nick Shore in neutral zone.
0:08 of 1st overtime period - Wrist shot by Johan Larsson.
0:08 of 1st overtime period - Shot Misses the Net.
0:22 of 1st overtime period - Snap shot by Johan Larsson.
0:22 of 1st overtime period - Stopped by Anders Lindback with a rebound.
0:24 of 1st overtime period - Slapshot by Tyson Strachan.
0:24 of 1st overtime period - Shot Blocked by Nick Shore.
0:26 of 1st overtime period - Slapshot by Tyson Strachan.
0:26 of 1st overtime period - Deflect By Johan Larsson.
0:26 of 1st overtime period - Goal by Johan Larsson - Monsters : 1 - Heat : 2.
Goals for this period are 0 for Monsters vs 1 for Heat.
Shots for this period are 0 for Monsters vs 2 for Heat.